 Dungeon Crawl Stone Soup version 0.30-a0-358-g0d69a1922f (webtiles) character file.

Game seed: 17909985324998341586

9 KennySheep the Slasher (level 2, -1/19 HPs)
             Began as a Tengu Berserker on Nov 10, 2022.
             Was a Follower of Trog.
             Slain by a jackal (2 damage)
             ... on level 1 of the Dungeon.
             The game lasted 00:00:26 (163 turns).

KennySheep the Slasher (Tengu Berserker)             Turns: 163, Time: 00:00:26

Health: -1/19      AC:  2    Str: 17    XL:     2   Next: 12%
Magic:  3/3        EV: 12    Int:  7    God:    Trog [*.....]
Gold:   10         SH:  0    Dex: 13    Spells: 1/1 levels left

rFire   . . .      SeeInvis .    a - +0 falchion
rCold   . . .      Faith    .    (no shield)
rNeg    . . .      Spirit   .    b - +0 animal skin
rPois   .          Reflect  .    (helmet restricted)
rElec   .          Harm     .    (no cloak)
rCorr   .          Rampage  .    (no gloves)
Will    .....                    (boots unavailable)
Stlth   +.........               (no amulet)
HPRegen 0.23/turn                (no ring)
MPRegen 0.08/turn                (no ring)

@: no status effects
A: beak, talons 3
a: Renounce Religion, Berserk


You were on level 1 of the Dungeon.
You worshipped Trog.
Trog was aware of your devotion.
You visited 1 branch of the dungeon, and saw 1 of its levels.

You collected 10 gold pieces.

Inventory:

Hand Weapons
 a - a +0 falchion (weapon)
Armour
 b - a +0 animal skin (worn)


   Skills:
 + Level 3.1 Fighting
 + Level 3.4 Long Blades
 * Level 0.9 Ranged Weapons
 + Level 2.3 Armour
 + Level 2.3 Dodging


You had one spell level left.
You didn't know any spells.
Your spell library was empty.

Dungeon Overview and Level Annotations

Branches:
Dungeon (1/15)

Altars:


Innate Abilities, Weirdness & Mutations

You have a beak for a mouth.
You have claws for feet.


Message History

The bat hits you but does no damage. The jackal closely misses you.
The jackal bites you. The jackal barely misses you.
You barely miss the jackal. The jackal misses you. x2
The jackal barely misses you.
You hit the jackal.
The jackal is almost dead.
The jackal completely misses you.
The jackal bites you but does no damage.
The jackal barely misses you.
You closely miss the jackal. You claw the jackal.
You kill the jackal!
Trog accepts your kill. The bat hits you but does no damage.
The jackal bites you. The jackal misses you.
You hit the jackal. Your peck misses the jackal.
The jackal is moderately wounded.
The jackal bites you.
You hit the jackal but do no damage. Your peck misses the jackal.
The jackal is moderately wounded.
The jackal completely misses you. The kobold closely misses you.
The jackal bites you but does no damage.
You barely miss the jackal. You peck the jackal.
The jackal is severely wounded.
The jackal bites you. The kobold barely misses you.
You barely miss the jackal. Your kick misses the jackal.
You punch the jackal, but do no damage.
The jackal is severely wounded.
The jackal bites you but does no damage.
The kobold barely misses you. The jackal bites you.
You hit the jackal. Your kick misses the jackal. Your peck misses the jackal.
The jackal is almost dead.
The jackal barely misses you. The kobold barely misses you.
The jackal bites you.
* * * LOW HITPOINT WARNING * * *
The kobold hits you with a +0 club.
* * * LOW HITPOINT WARNING * * *
You barely miss the jackal.
The jackal is almost dead.
The jackal bites you.
You die...

....... .......
....... ....... .....
..b #K### #h@.#
###.####
#....#########
###########.........#
........###......†..#
#######.............#
############.#####
#.....#.'.†..
#.###'#######


You could see a jackal, a bat and a kobold.

Vanquished Creatures
  An endoplasm (D:1)
  A goblin (D:1)
  2 jackals (D:1)
  2 quokkas (D:1)
  A ball python (D:1)
7 creatures vanquished.

Notes
Turn   | Place    | Note
-------+----------+-------------------------------------------
     0 | D:1      | KennySheep the Tengu Berserker began the quest for the Orb.
     0 | D:1      | Reached XP level 1. HP: 14/14 MP: 2/2
   153 | D:1      | Reached XP level 2. HP: 10/19 MP: 3/3
   163 | D:1      | Slain by a jackal

Illustrated notes

Levels and vault maps discovered:
D:1:      onia_arrival_mini_maze_b, layout_rooms

Action                   || total
-------------------------++-------
Melee: Falchion          ||    25
       Kick              ||     5
       Peck              ||     4
       Punch             ||     1
 Stab: Sleeping          ||     1
Armor: Animal skin       ||     7
Dodge: Dodged            ||    19

Table legend: (Time is in decaauts)
 A = Elapsed time spent in this place.
 B = Non-inter-level travel time spent in this place.
 C = Inter-level travel time spent in this place.
 D = Time resting spent in this place.
 E = Time spent auto-exploring this place.
 F = Levels seen in this place.
 G = Mean time per level.
                   A        B        C        D        E       F      G
               +--------+--------+--------+--------+--------+-----+--------+
         Total |    166 |    166 |      0 |      0 |    126 |   1 |  166.0 |
       Dungeon |    166 |    166 |      0 |      0 |    126 |   1 |  166.0 |
               +--------+--------+--------+--------+--------+-----+--------+

Top non-repeatable levels by time:
     D:1: 166 daAuts
